AoeStats
← Abetterhandle

MegaRandom

507023966Analyzed
4v4 RM · 16d ago on Sep 16, 2026· 43m 12s· 8 players
Game mode
Random Map
Map size
Large (8 player)
Population
200
Speed
Normal
Resources
Standard
Victory
Conquest
Starting age
Dark Age
Ending age
Imperial Age
RankedLock teamsTeams togetherTeam positionsShared explorationLock speedFull tech treeHidden civsTurbo modeCheats
Victory
Defeat
🇨🇳 Franks · China
1092
+11
🇨🇳 Mongols · China
1033
+14
🇨🇳 Britons · China
914
+19
🇨🇳 Burgundians · China
866
+21
🇩🇪 Mongols · Germany
1040
-19
🇳🇿 Malians · New Zealand
992
-17
🇨🇿 Turks · Czechia
987
-16
🇬🇷 Byzantines · Greece
900
-13
Bc. .
14:04 Feudal Age
19:09 Castle Age
17:47 Double-Bit Axe
20:23 Bow Saw
28:09 Imperial Age
25:44 Fletching
26:20 Ballistics
30:43 Horse Collar
33:42 Bodkin Arrow
35:40 Padded Archer Armor
36:06 Thumb Ring
37:06 Heavy Plow
Iribaar
8:40 Loom
10:26 Feudal Age
11:22 Double-Bit Axe
14:36 Fletching
20:54 Horse Collar
22:41 Fishing Lines
27:09 Castle Age
25:21 Gold Mining
27:50 Bodkin Arrow
28:41 Bow Saw
28:33 Heavy Plow
30:44 Stone Mining
31:29 Gold Shaft Mining
30:56 Padded Archer Armor
32:24 Wheelbarrow
31:35 Town Watch
33:49 Stone Shaft Mining
34:34 Thumb Ring
35:52 Husbandry
36:02 Bloodlines
36:36 Bloodlines
38:07 Leather Archer Armor
41:55 Ballistics
41:33 Murder Holes
41:59 Ballistics
41:25 Elite Skirmisher
alex_arch2
5:46 Loom
12:29 Feudal Age
40:19 Castle Age
Abetterhandle
2:44 Loom
12:59 Feudal Age
19:25 Castle Age
18:49 Padded Archer Armor
18:40 Fletching
19:42 Elite Skirmisher
35:13 Imperial Age
33:29 Leather Archer Armor
36:15 Thumb Ring
37:04 Horse Collar
38:38 Ballistics
40:41 Chemistry
精神老头
11:47 Feudal Age
27:19 Horse Collar
28:15 Gold Mining
32:04 Heavy Plow
36:28 Castle Age
34:35 Loom
35:34 Gold Shaft Mining
35:49 Double-Bit Axe
36:38 Cavalier
37:19 Husbandry
37:54 Forging
37:50 Scale Barding Armor
40:08 Iron Casting
40:31 Crop Rotation
42:20 Chain Barding Armor
高老头子
8:05 Loom
9:56 Feudal Age
16:52 Castle Age
15:53 Double-Bit Axe
19:10 Fletching
20:13 Bow Saw
21:21 Padded Archer Armor
22:10 Squires
27:19 Leather Archer Armor
27:00 Bodkin Arrow
28:30 Gold Mining
29:03 Horse Collar
30:03 Gold Shaft Mining
30:26 Heavy Plow
32:00 Wheelbarrow
35:54 Imperial Age
37:20 Conscription
38:06 Chemistry
37:28 Ballistics
38:20 Hand Cart
38:30 Bracer
39:57 Ring Archer Armor
39:30 Elite Longbowman
41:33 Two-Man Saw
40:27 Stone Mining
40:52 Warwolf
41:15 Yeomen
42:31 Warwolf
43:46 Siege Engineers
林海
10:51 Feudal Age
11:28 Double-Bit Axe
13:17 Scale Barding Armor
13:28 Forging
15:16 Scale Barding Armor
20:27 Castle Age
20:17 Gold Mining
21:49 Iron Casting
21:18 Husbandry
21:57 Bow Saw
23:43 Gold Shaft Mining
25:00 Chain Barding Armor
33:27 Wheelbarrow
37:22 Imperial Age
34:40 Loom
34:42 Town Watch
37:28 Capped Ram
37:31 Cavalier
38:48 Plate Barding Armor
39:24 Stone Mining
40:41 Blast Furnace
40:13 Paladin
XNB
9:05 Feudal Age
8:29 Loom
10:14 Double-Bit Axe
12:38 Horse Collar
13:35 Fletching
22:22 Castle Age
21:39 Gold Mining
23:58 Bow Saw
23:50 Heavy Plow
23:15 Crossbowman
24:00 Bodkin Arrow
25:09 Padded Archer Armor
25:16 Thumb Ring
26:54 Wheelbarrow
27:04 Gold Shaft Mining
27:15 Stone Mining
31:30 Stone Shaft Mining
32:38 Hand Cart
35:39 Imperial Age
33:45 Ballistics
34:44 Leather Archer Armor
35:50 Bloodlines
35:40 Husbandry
35:52 Husbandry
35:59 Scale Barding Armor
36:05 Forging
37:06 Conscription
36:50 Bracer
37:34 Light Cavalry
40:13 Chemistry
39:18 Siege Engineers
39:09 Murder Holes
39:41 Hussar
40:21 Elite Mangudai
41:25 Hussar
Connection lost

Rejoining the realm…

Still unreachable

The connection could not be restored.

Session expired

The server has moved on; the page needs a fresh start.